Cogmind - Beta 15 @@@ ROGUE MODE // 2025.09.04 @ 02:11:18 Player: odium reigns Result: Destroyed by G-67 Veteran with Plasma Rifle Performance ------------- Evolutions (5) 2500 Regions Visited (16) 3200 Robots Destroyed (153) 765 Value Destroyed (6372) 6372 Prototype IDs (19) 380 Alien Tech Used (0) 0 Bonus (4144) 4144 TOTAL SCORE: 17361 Bonus ------- High Alert Combat Kills 738 Follower Combat Kills 2436 Entered Garrisons 200 Built Enhanced Grunts 300 Met R17 at Cetus 500 Friendly Fire -30 Cogmind --------- Core Integrity 0/1000 Matter 242/300 Energy 630/640 System Corruption 48% Temperature Cool (0) Movement Walking (120) Location -5/Factory Parts ------- > --- POWER (2) -------- Micro Fission Core Light Quantum Reactor > --- PROPULSION (4) --- Flexi-carbon Leg Flexi-carbon Leg Thunder Leg > --- UTILITY (7) ------ Advanced Heat Sink Advanced Heat Sink Advanced Heat Sink Advanced Heat Sink Large Storage Unit Improved Energy Well > --- WEAPON (4) ------- Plasma Lance > --- INVENTORY (15) --- Impulse Thruster Array Improved Heat Sink Advanced Heat Sink Advanced Heat Sink Improved Energy Well (400) Experimental Reaction Control System Improved Component Analysis Suite Improved Field Recycling Unit (0) Peak State ------------ > --- POWER ------------ Quantum Reactor Quantum Reactor > --- PROPULSION ------- Centrium Heavy Treads Centrium Heavy Treads > --- UTILITY ---------- Advanced Heat Sink Advanced Heat Sink Advanced Heat Sink Advanced Heat Sink Advanced Heat Sink Large Storage Unit Centrium Medium Armor Plating > --- WEAPON ----------- Advanced Variable Charge Gun Advanced Variable Charge Gun Guided EMP Blaster > --- INVENTORY -------- Cold Fusion Reactor Armored Medium Treads Centrium Heavy Treads Improved Coolant Injector Advanced Energy Well Phase Shifter Centrium Medium Armor Plating Centrium Medium Armor Plating Centrium Medium Armor Plating Shield Generator Drone Bay Advanced Variable Charge Gun [Rating: 126] Favorites ----------- Power Quantum Reactor Engine Improved Deuterium Engine Power Core Neutrino Core Reactor Quantum Reactor Propulsion Centrium Heavy Treads Treads Centrium Heavy Treads Leg Improved Aluminum Leg Hover Unit Airjet Flight Unit VTOL Module Utility Hacking Suite Device Advanced Heat Sink Storage Large Storage Unit Processor Advanced Signal Interpreter Hackware Hacking Suite Protection Centrium Medium Armor Plating Weapon Enhanced Autogun Energy Gun Advanced Variable Charge Gun Energy Cannon Proton Cannon Ballistic Gun Enhanced Autogun Ballistic Cannon Bore Cannon Launcher Guided EMP Blaster Special Weapon Welding Torch Piercing Weapon Plasma Lance Special Melee Weapon Datajack Build | -11 -10 -9 -8 -7 -7 -7 -6 -6 -6 -6 -6 -5 -5 -5 -5 -5 ------- Run | Yrd Mat Mat Mat Fac Low Low Fac Ext Cet Arc Hub Fac Was Fac Gar Fac Slots Evolved 10 | . . 2 2 2 . . 2 . . . . 2 . . . . Power 1 | . . . . . . . 1 . . . . . . . . . Propulsion 2 | . . 2 . . . . . . . . . . . . . . Utility 5 | . . . 2 2 . . 1 . . . . . . . . . Weapon 2 | . . . . . . . . . . . . 2 . . . . Parts Attached 199 | 7 3 12 16 5 4 1 10 30 17 5 8 2 4 21 14 40 Power 29 | 1 . 1 1 1 . . 2 5 3 . 1 . . 3 4 7 Engine 10 | 1 . 1 . 1 . . 1 2 1 . . . . 2 . 1 Core 13 | . . . 1 . . . 1 3 . . . . . . 4 4 Reactor 6 | . . . . . . . . . 2 . 1 . . 1 . 2 Propulsion 57 | 2 1 6 7 2 1 . 4 9 2 1 . . 2 1 4 15 Treads 28 | . . . 4 . 1 . . 6 2 1 . . 1 1 4 8 Leg 14 | 2 1 6 . . . . . . . . . . . . . 5 Wheel . | . . . . . . . . . . . . . . . . . Hover 4 | . . . 3 1 . . . . . . . . . . . . Flight 11 | . . . . 1 . . 4 3 . . . . 1 . . 2 Utility 70 | 2 . 3 5 2 2 1 2 10 8 4 5 . 2 11 3 10 Device 38 | 1 . . 2 2 1 . 1 4 6 3 2 . 2 5 1 8 Storage 8 | 1 . . . . . . . 1 . 1 . . . 3 1 1 Processor 4 | . . . . . 1 . 1 2 . . . . . . . . Hackware 10 | . . 2 2 . . 1 . 1 . . 3 . . 1 . . Protection 10 | . . 1 1 . . . . 2 2 . . . . 2 1 1 Artifact . | . . . . . . . . . . . . . . . . . Weapon 43 | 2 2 2 3 . 1 . 2 6 4 . 2 2 . 6 3 8 Energy Gun 17 | 1 2 . 1 . . . 1 1 3 . . 1 . 1 3 3 Energy Cannon 5 | . . . . . . . . . . . 1 . . 3 . 1 Ballistic Gun 9 | 1 . 1 2 . 1 . 1 1 . . . . . 1 . 1 Ballistic Cannon 5 | . . . . . . . . 2 1 . . . . 1 . 1 Launcher 2 | . . 1 . . . . . . . . . 1 . . . . Special Weapon 2 | . . . . . . . . 1 . . . . . . . 1 Impact Weapon . | . . . . . . . . . . . . . . . . . Slashing Weapon . | . . . . . . . . . . . . . . . . . Piercing Weapon 1 | . . . . . . . . . . . . . . . . 1 Special Melee Weapon 2 | . . . . . . . . 1 . . 1 . . . . . Unidentified Prototypes 17 | . . . 1 1 . . . . 3 1 2 1 1 4 . 3 Corrupted Parts 8 | . . . . . . . . . . 1 . . . 2 5 . System Corruption 42 | . . . . . . . . . . 15 . . . 7 20 . Parts Lost 57 | . . . 2 . 3 1 3 5 . . . . 4 2 8 29 Power 7 | . . . . . . . . . . . . . . 1 1 5 Propulsion 21 | . . . . . 3 . 2 3 . . . . 1 1 1 10 Utility 15 | . . . 1 . . 1 1 2 . . . . 2 . 1 7 Weapon 14 | . . . 1 . . . . . . . . . 1 . 5 7 Highest Loss Streak 15 | . . . 2 . 1 1 2 2 . . . . 4 1 5 15 To Critical Strikes 2 | . . . . . . . . . . . . . 1 . . 1 Average Backups 9 | 4 7 6 4 5 4 5 4 7 14 13 13 13 7 6 13 13 Power . | . 1 . . 1 1 1 . . . . . 1 1 . 2 1 Propulsion 1 | 1 4 1 1 . . . 1 2 6 2 1 1 . . 1 1 Utility 4 | . 1 3 2 1 2 4 2 3 5 7 10 9 4 2 6 9 Weapon 1 | 1 1 1 . 1 . . 1 1 . 2 2 1 1 3 2 1 Tool/Special . | . . . . . . . . . . . . . . . . . Unused Backups 54 | . 3 5 2 1 3 1 1 6 8 4 . . 5 4 2 9 Power 6 | . . 1 . . 1 . . . 1 . . . . . 2 1 Propulsion 18 | . 1 1 1 . 1 . . 3 6 2 . . 1 . . 2 Utility 20 | . 1 2 1 . 1 1 . 2 . 2 . . 4 1 . 5 Weapon 10 | . 1 1 . 1 . . 1 1 1 . . . . 3 . 1 Tool/Special . | . . . . . . . . . . . . . . . . . Average Slot Usage (%) 88 | . 98 99 96 89 90 89 95 98 91 85 85 82 47 69 81 82 Engine 4 | . 14 11 3 6 7 7 8 6 4 . . . . 3 1 . Core 3 | . . . 5 . . . 4 5 . . . . . . 5 8 Reactor 2 | . . . . . . . . . 7 13 13 11 4 4 3 . Treads 10 | . . . 18 . 3 7 1 14 18 13 13 11 7 10 10 15 Leg 2 | . 28 43 2 . . . . . . . . . . . . 2 Hover 2 | . . . 14 23 13 7 1 . . . . . . . . . Flight 3 | . . . . 4 3 7 20 11 . . . . . . . . Device 14 | . 14 6 2 12 16 12 7 9 15 24 13 17 21 19 12 17 Storage 4 | . 14 8 . . . . . 1 6 6 6 5 1 2 12 9 Processor 2 | . . . . . 5 7 9 5 3 . . . . . . . Hackware 13 | . . 4 28 23 23 23 26 27 13 . 17 11 . . . . Protection 4 | . . 1 4 1 . . . . 5 13 7 5 1 8 8 5 Energy Gun 6 | . 23 15 7 . . . . 3 7 13 12 11 6 . 8 9 Energy Cannon 1 | . . . . . . . . . . . . . . 8 6 1 Ballistic Gun 5 | . 3 2 8 15 15 15 12 5 . . . . . 2 3 3 Ballistic Cannon 1 | . . . . . . . . 2 4 . . . . . 1 1 Peak Build Rating 126 | 9 13 19 34 48 51 52 58 70 118 122 122 124 126 114 100 104 Average Rating 72 | 5 12 16 30 41 49 50 50 59 95 118 115 123 68 97 94 87 On Entrance 62 | . 9 13 17 34 48 51 52 49 70 118 122 112 124 54 96 100 Naked Turns . | . . . . . . . . . . . . . . . . . Heaviest Build 107 | 14 17 24 19 28 28 18 21 77 88 90 90 91 87 98 104 107 Greatest Support 160 | 20 23 49 88 36 36 20 26 119 160 160 160 160 160 108 126 126 Greatest Overweight (x) 2 | 1 . . . 1 . . 2 2 . . . . . 1 1 2 Average Overweight (x) . | . . . . . . . . . . . . . . . . . Largest Inventory Capacity 15 | 8 8 8 5 5 5 5 5 15 15 15 15 15 15 15 15 15 Average Capacity 10 | 7 8 7 5 5 5 5 5 8 15 15 15 15 8 7 15 15 Most Carried 15 | 5 8 8 5 5 5 5 5 15 15 15 15 15 15 15 15 15 Average Carried 9 | 4 7 6 4 4 4 4 4 7 14 14 14 14 7 7 13 14 Final Capacity 15 | 8 8 5 5 5 5 5 5 15 15 15 15 15 5 15 15 15 Final Carried 15 | 5 8 5 5 5 5 4 5 14 15 15 15 15 5 15 15 9 Class Distribution -------------------- 33% | Hacker-Mutant 24% | Scavenger-Tank 21% | Scavenger-Mutant 10% | Hacker-Sprinter 6% | Mutant 3% | Commander-Mutant Dominant Class ---------------- Mutant | -10/Materials Mutant | -9/Materials Hacker-Mutant | -8/Materials Hacker-Mutant | -7/Factory Hacker-Mutant | -7/Lower Caves Hacker-Mutant | -7/Lower Caves Hacker-Sprinter | -6/Factory Hacker-Mutant | -6/Extension Scavenger-Mutant | -6/Cetus Scavenger-Mutant | -6/Archives Scavenger-Mutant | -6/Hub_04(d) Scavenger-Tank | -5/Factory Scavenger-Mutant | -5/Waste Scavenger-Tank | -5/Factory Scavenger-Tank | -5/Garrison Scavenger-Tank | -5/Factory Resources | -11 -10 -9 -8 -7 -7 -7 -6 -6 -6 -6 -6 -5 -5 -5 -5 -5 ----------- Run | Yrd Mat Mat Mat Fac Low Low Fac Ext Cet Arc Hub Fac Was Fac Gar Fac Matter Collected 4262 | 282 32 251 212 96 273 . 232 862 452 82 120 . . 231 481 656 Remotely . | . . . . . . . . . . . . . . . . . Salvage Created 7298 | 116 66 528 337 96 424 60 232 1006 118 219 576 . . 1111 1028 1381 Parts 360 | 8 2 38 14 4 16 5 25 42 6 16 29 . . 46 44 65 Haulers Intercepted 11 | . . . 2 1 . . . 2 . . 2 . . 3 . 1 Recyclers Shooed 4 | . . . 1 . . . . . . . . . . 3 . . Parts Field Recycled 28 | . . . 8 . . . . . . . . . . 10 . 10 Retrieved Matter 532 | . . . 97 . . . . . . . . . . 318 . 117 Parts Self-Destructed 26 | . . . . . 23 3 . . . . . . . . . . Prevented 1 | . . . . . 1 . . . . . . . . . . . Kills | -11 -10 -9 -8 -7 -7 -7 -6 -6 -6 -6 -6 -5 -5 -5 -5 -5 ------- Run | Yrd Mat Mat Mat Fac Low Low Fac Ext Cet Arc Hub Fac Was Fac Gar Fac Combat Hostiles Destroyed 109 | . 2 14 4 1 5 2 4 14 2 . 7 . . 12 21 21 Melee 2 | . . . . . . . . . . . . . . . . 2 Guns 66 | . 2 5 3 1 5 2 4 14 . . 6 . . 5 9 10 Cannons 21 | . . . . . . . . . 2 . . . . 5 7 7 AOE 12 | . . 9 . . . . . . . . . . . 1 1 1 Classes Destroyed 18 | 2 1 4 2 . 1 . 1 2 . . 3 . . 1 . 1 Worker 2 | . . 1 . . . . 1 . . . . . . . . . Builder 7 | . . . . . . . 2 1 . . . . . 2 . 2 Tunneler 2 | 2 . . . . . . . . . . . . . . . . Hauler 11 | . . . 2 1 . . . 2 . . 2 . . 3 . 1 Recycler 4 | 1 . 2 1 . . . . . . . . . . . . . Operator 9 | . . . . . . . . 1 . 6 1 . . . . 1 Watcher 5 | . . 2 . . . . . 1 . . 2 . . . . . Swarmer 24 | . . 4 . . . 2 3 3 . . 1 . . . 9 2 Cutter 3 | . . . . . . . . . . . 3 . . . . . Grunt 45 | . 2 8 3 1 4 . . 6 . . . . . 6 5 10 Brawler 3 | . . . . . 1 . . . . . . . . . 1 1 Duelist 7 | . . . 1 . . . . 1 . . . . . 1 1 3 Sentry 12 | . . 2 . . 2 . 1 3 . . . . . . 4 . Hunter 9 | . . . . . . . . . . . 2 . . 4 . 3 Programmer 4 | . . . . . . . . . . . . . . 1 1 2 Heavy 1 | . . . . . . . . . . . 1 . . . . . Behemoth 1 | . . . . . . . . 1 . . . . . . . . Cetus Guard 2 | . . . . . . . . . 2 . . . . . . . Striker 1 | . . . . . . . . . . . . . . . . 1 Thug 1 | . . . . . . . . 1 . . . . . . . . Best Kill Streak 9 | 3 2 9 3 2 3 2 3 3 1 2 4 . . 7 7 8 Combat Bots Only 8 | . 2 8 3 1 3 2 2 3 1 . 4 . . 3 7 7 Max Kills in Single Turn 2 | 1 1 2 1 1 2 1 1 1 1 1 1 . . 1 2 2 Gunslinging . | . . . . . . . . . . . . . . . . . Exploded 2 | . . 2 . . . . . . . . . . . 1 1 1 Melee 1 | . . . . . . . . . . . . . . . . 1 Uniques/NPCs Destroyed . | . . . . . . . . . . . . . . . . . Combat | -11 -10 -9 -8 -7 -7 -7 -6 -6 -6 -6 -6 -5 -5 -5 -5 -5 -------- Run | Yrd Mat Mat Mat Fac Low Low Fac Ext Cet Arc Hub Fac Was Fac Gar Fac Hostile Shots Fired 1181 | . 7 50 32 25 81 19 65 158 21 16 144 . 4 57 171 331 Missed 373 | . 2 13 8 17 29 8 30 63 10 5 33 . . 20 58 77 Hits 808 | . 5 37 24 8 52 11 35 95 11 11 111 . 4 37 113 254 Melee 39 | . . . 5 . . . . . . . 6 . 4 3 4 17 Projectile 769 | . 5 37 19 8 52 11 35 95 11 11 105 . . 34 109 237 Critical Strikes 35 | . . . 4 . 3 1 1 . 2 . 5 . 4 . 1 14 Damage Taken 14298 | . 53 451 470 84 540 153 376 1031 254 349 2010 . 183 928 2253 5163 Core 1769 | . . 46 66 31 113 25 73 210 . 52 141 . . 58 246 708 Absorbed by Shields 384 | . . . 20 4 . . . 280 23 . 57 . . . . . Core Remaining (%) 82 | 100 100 88 88 . . 75 . . . . 44 . . . . . Volleys Fired 491 | 12 8 30 33 5 28 8 24 69 35 22 32 . 4 42 42 97 Largest 4 | 2 2 2 2 2 2 2 2 2 2 2 2 . 3 4 4 4 Hottest 720 | 70 130 130 130 50 50 50 55 110 288 480 320 . 720 213 251 292 Shots Fired 1037 | 24 16 60 47 10 56 16 48 126 54 44 65 . 11 85 163 212 Gun 762 | 24 16 47 47 10 56 16 48 103 14 44 65 . 11 26 73 162 Cannon 253 | . . . . . . . . 22 36 . . . . 55 90 50 Launcher 17 | . . 13 . . . . . . . . . . . 4 . . Special 5 | . . . . . . . . 1 4 . . . . . . . Kinetic 445 | 12 2 9 21 10 56 16 48 88 36 . . . . 29 42 76 Thermal 325 | 12 14 38 26 . . . . 38 18 44 65 . 11 . 1 58 Explosive 13 | . . 13 . . . . . . . . . . . . . . Electromagnetic 254 | . . . . . . . . . . . . . . 56 120 78 Robot Hit Streak 17 | 3 5 8 17 6 17 5 4 10 3 9 7 . 5 11 13 7 Robot Miss Streak 11 | 3 3 4 5 1 3 3 4 9 11 5 3 . 1 3 4 4 Penetration Max 1 | . . . . . . . . 1 1 . . . . 1 1 1 Secondary Targets 10 | . . 3 . . 2 . . 1 . . 4 . . . . . Max Gunslinging Chain 1 | . . 1 . . 1 . . 1 . . 1 . . . . . Shots Hit Robots 596 | 13 9 36 33 7 36 10 21 80 11 28 32 . 9 58 82 131 Core Hits 292 | 5 5 28 14 3 14 4 11 54 7 16 13 . . 30 30 58 Critical Kills 8 | . . . . . . . 1 2 2 . . . . 1 2 . Critical Parts Destroyed 19 | . . . . . 2 . . 6 5 . . . . 3 1 2 Critical Strikes 42 | . . . 2 . 2 . 1 8 8 . . . . 5 5 11 Burn 3 | . . . 2 . . . . . . . . . . . . 1 Destroy 28 | . . . . . 2 . 1 8 8 . . . . 4 3 2 Blast 9 | . . . . . . . . . . . . . . . 2 7 Corrupt 2 | . . . . . . . . . . . . . . 1 . 1 Melee Attacks 12 | . . . . . . . . . . . 1 . . . . 11 Impact . | . . . . . . . . . . . . . . . . . Slashing . | . . . . . . . . . . . . . . . . . Piercing 11 | . . . . . . . . . . . . . . . . 11 Sneak Attacks . | . . . . . . . . . . . . . . . . . Combat Hostiles . | . . . . . . . . . . . . . . . . . Follow-up Attacks . | . . . . . . . . . . . . . . . . . Damage Inflicted 17169 | 147 123 1056 539 116 652 176 424 2215 474 1232 1128 . 596 2356 2263 3672 Guns 11113 | 147 123 472 536 116 652 176 424 1909 60 1232 1128 . 596 521 817 2204 Cannons 4380 | . . . . . . . . 277 414 . . . . 1235 1340 1114 Explosions 1436 | . . 584 . . . . . . . . . . . 560 106 186 Melee 165 | . . . . . . . . . . . . . . . . 165 Ramming 75 | . . . 3 . . . . 29 . . . . . 40 . 3 Kinetic 6531 | 47 16 60 192 116 652 176 424 1380 414 . . . . 551 739 1764 Thermal 6010 | 100 107 412 344 . . . . 806 60 1232 1128 . 596 20 106 1099 Explosive 816 | . . 584 . . . . . . . . . . . 232 . . Electromagnetic 3572 | . . . . . . . . . . . . . . 1513 1418 641 Impact . | . . . . . . . . . . . . . . . . . Slashing . | . . . . . . . . . . . . . . . . . Piercing 165 | . . . . . . . . . . . . . . . . 165 Highest Corruption 48 | . . . . . . . . . . 15 3 . . 9 33 48 Average Corruption 20 | . . . . . . . . . . 7 2 . . 6 15 37 Corruption Purged 14 | . . . . . . . . . . 14 . . . . . . Corruption Blocked . | . . . . . . . . . . . . . . . . . Effects 148 | . . . . . . . . . . 10 11 . . 6 30 91 Message Errors 35 | . . . . . . . . . . 4 5 . . 1 4 21 Matter Fused 22 | . . . . . . . . . . 4 . . . 1 4 13 Heat Flow Errors 13 | . . . . . . . . . . 1 . . . 1 2 9 Energy Discharges 18 | . . . . . . . . . . 1 3 . . 1 4 9 Parts Rejected 2 | . . . . . . . . . . . . . . . 1 1 Parts Fused 1 | . . . . . . . . . . . . . . . . 1 Data Loss (minor) 22 | . . . . . . . . . . . 2 . . 1 7 12 Data Loss (major) 2 | . . . . . . . . . . . . . . . 1 1 Misfires 10 | . . . . . . . . . . . 1 . . . 4 5 Alerts 1 | . . . . . . . . . . . . . . . 1 . Misdirections 1 | . . . . . . . . . . . . . . . . 1 Weapon Failures 21 | . . . . . . . . . . . . . . 1 2 18 Overload Shots 52 | . . . . . . . . . 3 23 15 . 11 . . . Effects 5 | . . . . . . . . . . 3 1 . 1 . . . Energy Bleed 1 | . . . . . . . . . . 1 . . . . . . Heat Surge 4 | . . . . . . . . . . 2 1 . 1 . . . Overflow Damage 196 | . . 13 . . . . . . . . . . . 99 75 9 Projectiles 90 | . . . . . . . . . . . . . . 6 75 9 Explosions 106 | . . 13 . . . . . . . . . . . 93 . . Melee . | . . . . . . . . . . . . . . . . . Knockbacks 17 | . . . . . . . . 4 2 . . . . 1 7 3 Impact 1 | . . . . . . . . . . . . . . 1 . . Kinetic 15 | . . . . . . . . 4 2 . . . . . 6 3 Secondary 1 | . . . . . . . . . . . . . . . 1 . Self-Inflicted Damage 286 | . . 8 . . . . . . . . . . . 278 . . Shots 7 | . . 1 . . . . . . . . . . . 6 . . Rammed 11 | . . . 4 . . . . 2 . . . . . 4 . 1 Targets Rammed 11 | . . . 4 . . . . 2 . . . . . 4 . 1 Kicked . | . . . . . . . . . . . . . . . . . Crushed . | . . . . . . . . . . . . . . . . . Highest Temperature 631 | 130 364 307 224 74 87 3 127 344 359 426 363 . 631 206 146 190 Average Temperature 109 | 55 161 98 75 38 35 3 38 117 180 131 184 . 283 118 43 66 Received Heat Transfer 3088 | . 30 195 157 27 326 54 75 364 81 57 57 . . 99 504 1062 Effects 12 | . 1 . . . . . . 6 . 2 2 . 1 . . . Shutdowns 2 | . . . . . . . . . . 1 . . 1 . . . Energy Bleed 2 | . . . . . . . . 1 . . 1 . . . . . Interference 6 | . 1 . . . . . . 4 . 1 . . . . . . Short Circuit 1 | . . . . . . . . 1 . . . . . . . . Damage (minor) 1 | . . . . . . . . . . . 1 . . . . . Siege Activations 1 | . . . . . . . . . . . . . . 1 . . Total Turns 1 | . . . . . . . . . . . . . . 1 . . Longest Duration 1 | . . . . . . . . . . . . . . 1 . . Martial Activations . | . . . . . . . . . . . . . . . . . Shielding Activations . | . . . . . . . . . . . . . . . . . Robots Disrupted 3 | . . . . . . . . . . . . . . . . 3 Combat Hostiles 3 | . . . . . . . . . . . . . . . . 3 Robots Corrupted 7 | . . . . . . . . . . . . . . 3 4 . Combat Hostiles 5 | . . . . . . . . . . . . . . 1 4 . Parts Fried 24 | . . . . . . . . . . . . . . 11 7 6 Impact Corruptions 1 | . . . . . . . . . . . . . . . 1 . Robots Melted 3 | . . . 1 . . . . . . . 1 . . . . 1 Combat Hostiles 3 | . . . 1 . . . . . . . 1 . . . . 1 Parts Melted 17 | . 1 1 2 . . . . 1 . 1 6 . . . . 5 Heat Transferred 9197 | 296 259 925 962 . . . . 1774 74 1268 1264 . 500 50 . 1825 Parts Sabotaged 2 | . . . . . . . . . . . . . . . . 2 Parts Stolen . | . . . . . . . . . . . . . . . . . Parts Stripped . | . . . . . . . . . . . . . . . . . Power Chain Reactions 3 | . . . . . . . . . . . . . . 1 1 1 Alert | -11 -10 -9 -8 -7 -7 -7 -6 -6 -6 -6 -6 -5 -5 -5 -5 -5 ------- Run | Yrd Mat Mat Mat Fac Low Low Fac Ext Cet Arc Hub Fac Was Fac Gar Fac Maximum Alert Level 3 | . . 1 . . . . . 3 2 1 2 1 . 1 3 3 Low Security (%) 44 | 100 100 48 100 100 . . 100 41 . 69 71 52 100 71 8 . Level 1 12 | . . 51 . . . . . 2 . 30 21 47 . 28 17 11 Level 2 27 | . . . . . . . . 15 100 . 7 . . . 68 62 Level 3 14 | . . . . . . . . 40 . . . . . . 4 25 Level 4 . | . . . . . . . . . . . . . . . . . Level 5 . | . . . . . . . . . . . . . . . . . High Security . | . . . . . . . . . . . . . . . . . Max Security . | . . . . . . . . . . . . . . . . . Peak Influence 912 | 5 45 338 153 22 . . 110 912 575 314 445 226 56 255 742 771 Initial 508 | . . . 133 9 . . 50 49 508 186 19 214 56 . 177 389 Average 327 | . 16 159 86 4 . . 67 432 499 172 140 196 18 87 511 561 Influence Increases 6650 | 15 70 488 160 72 213 100 220 1679 439 240 736 28 2 459 645 1084 Destroy 0b10 Robot/C 3380 | . 40 280 80 20 140 40 80 880 200 80 340 . . 240 420 540 Destroy 0b10 Robot/NC 245 | 15 . 25 15 5 . . 15 60 10 30 25 . . 25 . 20 Destroy Leader 522 | . 10 64 14 2 20 . 20 116 10 . 88 . . 56 20 102 Allied During Kill 900 | . . . . . 8 . . 355 176 110 164 . . . . 87 Successful Hack 97 | . 5 . 6 30 . . . 6 . . 8 28 . 14 . . Disable Machine 315 | . . 15 . . . . . 30 30 15 90 . . 30 15 90 Anti-Garrison Action 300 | . . . . . . . . . . . . . . . 150 150 Destroy Structure 231 | . . 44 . . . . . 22 13 5 21 . 2 64 10 50 Partial Spotted 135 | . . . . 15 . . 15 105 . . . . . . . . Lose Combat Pursuer 525 | . 15 60 45 . 45 60 90 105 . . . . . 30 30 45 Influence Decreases 6001 | 15 70 170 456 82 225 20 200 871 882 649 354 304 164 206 156 1177 Entered New Map 1759 | . . . 185 13 5 . 30 51 400 279 37 224 106 . 76 353 Time Decay 3112 | 15 70 170 156 69 196 20 140 605 342 350 179 80 20 186 . 514 Lost Part 544 | . . . 20 . 20 . 30 46 . . . . 38 20 80 290 Lost Ally 354 | . . . . . 4 . . 130 140 20 40 . . . . 20 Purge Threat 232 | . . . 95 . . . . 39 . . 98 . . . . . Squads Dispatched 32 | . 1 1 3 2 . . . 5 1 . 5 . . 4 . 10 Investigation 7 | . . 1 1 1 . . . . 1 . 1 . . . . 2 Extermination 2 | . . . . . . . . . . . . . . 1 . 1 Reinforcement 17 | . 1 . . 1 . . . 5 . . 4 . . 3 . 3 Assault 5 | . . . 2 . . . . . . . . . . . . 3 Garrison 1 | . . . . . . . . . . . . . . . . 1 Intercept . | . . . . . . . . . . . . . . . . . Searches Triggered . | . . . . . . . . . . . . . . . . . Construction Impeded 4 | . . . . . . . . 3 . . . . . . . 1 Haulers Reinforced 4 | . . . . . . . . . . . 1 . . 2 . 1 Active Scanning Responses . | . . . . . . . . . . . . . . . . . Cargo Convoy Interrupts . | . . . . . . . . . . . . . . . . . Stealth | -11 -10 -9 -8 -7 -7 -7 -6 -6 -6 -6 -6 -5 -5 -5 -5 -5 --------- Run | Yrd Mat Mat Mat Fac Low Low Fac Ext Cet Arc Hub Fac Was Fac Gar Fac Distress Signals 12 | . 1 1 1 . . . . 3 2 . 3 . . . . 1 Communications Jammed . | . . . . . . . . . . . . . . . . . Distress Signals . | . . . . . . . . . . . . . . . . . Times Spotted 262 | . 3 21 14 4 11 7 12 50 17 14 18 . 6 13 27 45 Peak Tracking Total 10 | . 2 6 4 3 3 4 4 5 5 3 6 . 6 4 7 10 Tactical Retreats 22 | . 1 2 2 . 2 2 3 4 . . . . . 2 1 3 Traps | -11 -10 -9 -8 -7 -7 -7 -6 -6 -6 -6 -6 -5 -5 -5 -5 -5 ------- Run | Yrd Mat Mat Mat Fac Low Low Fac Ext Cet Arc Hub Fac Was Fac Gar Fac Traps Triggered 9 | . . . . . . . . 2 . . 2 1 . . 1 3 Indirectly . | . . . . . . . . . . . . . . . . . Trap Hack Attempts . | . . . . . . . . . . . . . . . . . Triggered . | . . . . . . . . . . . . . . . . . Disarmed . | . . . . . . . . . . . . . . . . . Reprogrammed . | . . . . . . . . . . . . . . . . . Reused . | . . . . . . . . . . . . . . . . . Traps Extracted . | . . . . . . . . . . . . . . . . . Installed . | . . . . . . . . . . . . . . . . . Triggered . | . . . . . . . . . . . . . . . . . Machines | -11 -10 -9 -8 -7 -7 -7 -6 -6 -6 -6 -6 -5 -5 -5 -5 -5 ---------- Run | Yrd Mat Mat Mat Fac Low Low Fac Ext Cet Arc Hub Fac Was Fac Gar Fac Machines Disabled 28 | . . 1 . . 1 . . 3 4 1 6 . . 2 3 7 Max in Single Turn 2 | . . 1 . . 1 . . 1 1 . 1 . . 2 1 1 Garrison Access 2 | . . . 1 . . . . . . . . . . . . 1 Garrison Relay 2 | . . . . . . . . . . . . . . . 2 . Phase Generator 1 | . . . . . . . . . . . . . . . 1 . Machines Repaired . | . . . . . . . . . . . . . . . . . Machines Dismantled . | . . . . . . . . . . . . . . . . . Machines Sabotaged . | . . . . . . . . . . . . . . . . . Overloaded Fab Kills . | . . . . . . . . . . . . . . . . . Hacking | -11 -10 -9 -8 -7 -7 -7 -6 -6 -6 -6 -6 -5 -5 -5 -5 -5 --------- Run | Yrd Mat Mat Mat Fac Low Low Fac Ext Cet Arc Hub Fac Was Fac Gar Fac Machines Accessed 33 | . 1 3 1 5 2 . 1 6 2 1 4 2 . 1 1 3 Terminals 23 | . 1 3 1 2 . . 1 6 2 . 4 1 . . 1 1 Fabricators 2 | . . . . 2 . . . . . . . . . . . . Repair Stations 2 | . . . . . . . . . . . . . . . . 2 Recycling Units . | . . . . . . . . . . . . . . . . . Scanalyzers 1 | . . . . . . . . . . . . 1 . . . . Garrison Access 2 | . . . . 1 . . . . . . . . . 1 . . Total Hacks 110 | . 1 8 6 10 4 . 1 16 7 25 14 7 . 1 3 7 Successful 82 | . 1 6 6 9 4 . 1 11 3 25 8 5 . 1 . 2 Failed 28 | . . 2 . 1 . . . 5 4 . 6 2 . . 3 5 Catastrophic 5 | . . . . . . . . . . . 2 . . . 1 2 Database Lockouts . | . . . . . . . . . . . . . . . . . Manual 8 | . . . . . . . . . 4 4 . . . . . . Terminals 66 | . 1 8 6 4 . . 1 16 7 . 14 4 . . 3 2 Fabricators 5 | . . . . 5 . . . . . . . . . . . . Repair Stations 5 | . . . . . . . . . . . . . . . . 5 Recycling Units . | . . . . . . . . . . . . . . . . . Scanalyzers 3 | . . . . . . . . . . . . 3 . . . . Garrison Access 2 | . . . . 1 . . . . . . . . . 1 . . Terminal Hacks 72 | . 1 6 6 4 4 . 1 11 3 25 8 3 . . . . Record 36 | . . 1 . . 3 . . 1 3 25 3 . . . . . Robot Schematic 2 | . . . . 1 . . . 1 . . . . . . . . Robot Analysis 1 | . . . 1 . . . . . . . . . . . . . Prototype ID Bank 1 | . . . 1 . . . . . . . . . . . . . Open Door 5 | . . . . . 1 . 1 3 . . . . . . . . Level Access Points 2 | . . 1 . 1 . . . . . . . . . . . . Emergency Access Points 3 | . . 1 . 1 . . . . . . 1 . . . . . Alert Level 5 | . . . 1 1 . . . 2 . . . 1 . . . . Unreport Threat 5 | . . . 2 . . . . 2 . . 1 . . . . . Dispatch Records 1 | . . 1 . . . . . . . . . . . . . . Maintenance Status 1 | . . . . . . . . . . . 1 . . . . . Security Status 1 | . . . . . . . . . . . 1 . . . . . Investigation Status 1 | . 1 . . . . . . . . . . . . . . . Reinforcement Status 1 | . . 1 . . . . . . . . . . . . . . Assault Status 1 | . . . . . . . . 1 . . . . . . . . Recall Investigation 1 | . . 1 . . . . . . . . . . . . . . Hauler Manifests 2 | . . . . . . . . . . . 1 1 . . . . Registered Components 2 | . . . . . . . . 1 . . . 1 . . . . Zone Layout 1 | . . . 1 . . . . . . . . . . . . . Fabricator Hacks 4 | . . . . 4 . . . . . . . . . . . . Network Status 1 | . . . . 1 . . . . . . . . . . . . Load Schematic 1 | . . . . 1 . . . . . . . . . . . . Build 2 | . . . . 2 . . . . . . . . . . . . Repair Station Hacks 2 | . . . . . . . . . . . . . . . . 2 Scan Component 2 | . . . . . . . . . . . . . . . . 2 Recycling Unit Hacks . | . . . . . . . . . . . . . . . . . Scanalyzer 2 | . . . . . . . . . . . . 2 . . . . Insert Component 2 | . . . . . . . . . . . . 2 . . . . Garrison Access Hacks 2 | . . . . 1 . . . . . . . . . 1 . . Unlock Access 2 | . . . . 1 . . . . . . . . . 1 . . Unauthorized Hacks . | . . . . . . . . . . . . . . . . . Terminals . | . . . . . . . . . . . . . . . . . Fabricators . | . . . . . . . . . . . . . . . . . Repair Stations . | . . . . . . . . . . . . . . . . . Recycling Units . | . . . . . . . . . . . . . . . . . Scanalyzers . | . . . . . . . . . . . . . . . . . Garrison Access . | . . . . . . . . . . . . . . . . . Data Cores Recovered 1 | . . . . . . . . . . . 1 . . . . . Used . | . . . . . . . . . . . . . . . . . Hacking Detections 22 | . 1 2 1 4 . . . 3 2 . 3 2 . . 1 3 Full Trace Events 7 | . . 1 . 1 . . . . 1 . 1 . . . 1 2 Feedback Events . | . . . . . . . . . . . . . . . . . Feedback Blocked . | . . . . . . . . . . . . . . . . . Robot Schematics Acquired 2 | . . . . 1 . . . 1 . . . . . . . . Robots Built 2 | . . . . 2 . . . . . . . . . . . . Authchips . | . . . . . . . . . . . . . . . . . Time 49 | . . . . 49 . . . . . . . . . . . . Total Robot Build Rating 4 | . . . . 4 . . . . . . . . . . . . Part Schematics Acquired . | . . . . . . . . . . . . . . . . . Parts Built 1 | . . . . 1 . . . . . . . . . . . . Authchips . | . . . . . . . . . . . . . . . . . Time 47 | . . . . 47 . . . . . . . . . . . . Total Part Build Rating 5 | . . . . 5 . . . . . . . . . . . . Parts Repaired . | . . . . . . . . . . . . . . . . . Time . | . . . . . . . . . . . . . . . . . Parts Recycled . | . . . . . . . . . . . . . . . . . Recycled Matter . | . . . . . . . . . . . . . . . . . Retrieved Matter . | . . . . . . . . . . . . . . . . . Retrieved Components . | . . . . . . . . . . . . . . . . . Parts Scanalyzed 1 | . . . . . . . . . . . . 1 . . . . Part Schematics Acquired . | . . . . . . . . . . . . . . . . . Parts Damaged 1 | . . . . . . . . . . . . 1 . . . . Bothacking | -11 -10 -9 -8 -7 -7 -7 -6 -6 -6 -6 -6 -5 -5 -5 -5 -5 ------------ Run | Yrd Mat Mat Mat Fac Low Low Fac Ext Cet Arc Hub Fac Was Fac Gar Fac Used RIF Installer . | . . . . . . . . . . . . . . . . . Robots Hacked . | . . . . . . . . . . . . . . . . . Non-combat . | . . . . . . . . . . . . . . . . . Combat . | . . . . . . . . . . . . . . . . . Robot Hacks Applied . | . . . . . . . . . . . . . . . . . Relay Couplers Released 10 | . . . 2 . . . . . . . . . . . 6 2 Machine Destruction 10 | . . . 2 . . . . . . . . . . . 6 2 Fabnet Peak Effective % . | . . . . . . . . . . . . . . . . . Robots Rewired 24 | . . . . . 3 . . 19 . . . . . . 2 . Allies Hacked . | . . . . . . . . . . . . . . . . . Hacks Repelled . | . . . . . . . . . . . . . . . . . Allies | -11 -10 -9 -8 -7 -7 -7 -6 -6 -6 -6 -6 -5 -5 -5 -5 -5 -------- Run | Yrd Mat Mat Mat Fac Low Low Fac Ext Cet Arc Hub Fac Was Fac Gar Fac Total Allies 33 | . . . . 2 3 . . 21 5 . . . . . 2 . Largest Group 11 | . . . . 2 3 . . 11 11 7 3 . . . 2 2 Highest-Rated Group 609 | . . . . 30 60 . . 411 609 441 207 . . . 198 198 Highest-Rated Ally 159 | . . . . 15 20 . . 159 143 96 96 . . . 99 99 Initial Warlord ECA Mod 3 | . . . . . . . . . . . . . . . . 3 Total Orders 6 | . . . . 2 2 . . 2 . . . . . . . . STAY 1 | . . . . 1 . . . . . . . . . . . . FOLLOW 1 | . . . . 1 . . . . . . . . . . . . GUARD 3 | . . . . . 2 . . 1 . . . . . . . . EXPLORE 1 | . . . . . . . . 1 . . . . . . . . Ally Attacks 381 | . . . . 1 12 . . 205 67 27 37 . . . . 32 Total Damage 9856 | . . . . . 228 . . 4878 1435 1119 1234 . . . . 962 Kills 71 | . . . . . 2 . . 38 11 4 10 . . . . 6 Allies Corrupted 1 | . . . . . . . . . . . 1 . . . . . Allies Melted . | . . . . . . . . . . . . . . . . . Intel | -11 -10 -9 -8 -7 -7 -7 -6 -6 -6 -6 -6 -5 -5 -5 -5 -5 ------- Run | Yrd Mat Mat Mat Fac Low Low Fac Ext Cet Arc Hub Fac Was Fac Gar Fac Active Infowar (turns) 3818 | 21 162 223 . 174 1264 256 71 1647 . . . . . . . . Sensors 1647 | . . . . . . . . 1647 . . . . . . . . Terrain 2031 | 21 162 223 . 174 1264 187 . . . . . . . . . . Jamming 1546 | . . . . . 1219 256 71 . . . . . . . . . ECM 10 | . . . . 10 . . . . . . . . . . . . Robot Analysis Total 1 | . . . 1 . . . . . . . . . . . . . Derelict Logs Recovered 3 | . . . . . 3 . . . . . . . . . . . Drone Launches 2 | . . . . . . . . 2 . . . . . . . . Drone Recoveries 1 | . . . . . . . . 1 . . . . . . . . Exploration | -11 -10 -9 -8 -7 -7 -7 -6 -6 -6 -6 -6 -5 -5 -5 -5 -5 ------------- Run | Yrd Mat Mat Mat Fac Low Low Fac Ext Cet Arc Hub Fac Was Fac Gar Fac Turns Passed 11030 | 124 162 390 368 347 1264 256 294 2515 764 792 493 170 105 732 841 1413 Spaces Moved 7214 | 68 105 222 260 388 1265 291 396 1880 385 309 233 101 115 305 345 546 Core 122 | 12 . . . . . . 2 3 . . . . 103 2 . . Treads 2919 | . . . 50 . . . . 723 385 309 233 101 12 303 345 458 Legs 480 | 56 105 222 9 . . . . . . . . . . . . 88 Wheels . | . . . . . . . . . . . . . . . . . Hover 2205 | . . . 201 388 1265 291 60 . . . . . . . . . Flight 1488 | . . . . . . . 334 1154 . . . . . . . . Fastest Speed 23 | 50 120 120 72 52 52 80 26 23 160 160 160 160 50 50 160 120 Average Speed 102 | 109 120 120 87 59 64 80 35 78 160 160 160 160 61 172 184 173 Slowest Speed 320 | 120 120 120 145 112 80 80 150 215 160 160 160 160 160 240 240 320 Overloaded Moves 159 | . . . . . . . . 159 . . . . . . . . Propulsion Burnouts . | . . . . . . . . . . . . . . . . . Robots Hopped 14 | . . . . . . . . 14 . . . . . . . . Potential Cave-ins . | . . . . . . . . . . . . . . . . . Cave-ins Triggered . | . . . . . . . . . . . . . . . . . Exploration Rate (%) 38 | 4 20 19 17 9 96 31 7 98 86 98 27 3 71 7 47 12 Regions Visited 16 Branch Regions 6 Pre-discovered Areas . | . . . . . . . . . . . . . . . . . Known Exits Taken 5 | . . 1 . . . 1 . 1 . . 1 . . 1 . . Unknown Exits Taken 8 | 1 1 . 1 1 1 . 1 . 1 1 . . . . . . Scrap Searched 7 | . . . . . 5 2 . . . . . . . . . . Spaces Dug 2 | . . . . . . . . . . 1 1 . . . . . Terrain Destroyed 141 | . . 39 . . . . . 11 3 5 14 . 1 34 11 23 Melee . | . . . . . . . . . . . . . . . . . Projectile 86 | . . . . . . . . 11 3 5 14 . 1 20 9 23 AOE 55 | . . 39 . . . . . . . . . . . 14 2 . Terrain Rammed . | . . . . . . . . . . . . . . . . . Walls Destroyed . | . . . . . . . . . . . . . . . . . Machines Disabled . | . . . . . . . . . . . . . . . . . Actions | -11 -10 -9 -8 -7 -7 -7 -6 -6 -6 -6 -6 -5 -5 -5 -5 -5 --------- Run | Yrd Mat Mat Mat Fac Low Low Fac Ext Cet Arc Hub Fac Was Fac Gar Fac Total 9945 | 94 127 289 363 498 1677 304 517 2780 487 569 287 112 140 424 444 833 Wait 1451 | . . . 15 93 326 3 77 636 5 209 1 . 8 16 1 61 Move 7174 | 67 104 221 259 387 1264 290 395 1853 384 308 232 101 114 305 344 546 Hop 12 | . . . . . . . . 12 . . . . . . . . Pick Up 192 | 8 6 9 16 1 7 1 6 31 13 13 4 5 2 20 16 34 Fast Attach 76 | 4 2 3 7 4 1 . 6 13 8 . . . 2 10 2 14 Attach 81 | 3 . 2 9 . 4 1 3 5 1 3 1 2 1 7 12 27 Detach 11 | . . . . 1 . . . 1 1 1 . . 3 2 2 . Swap 94 | . 1 8 2 2 1 . 1 17 11 2 11 1 3 7 11 16 Drop 180 | . 6 16 18 5 5 1 5 31 29 11 5 3 3 11 5 26 Fire 491 | 12 8 30 33 5 28 8 24 69 35 22 32 . 4 42 42 97 Melee 12 | . . . . . . . . . . . 1 . . . . 11 Ram . | . . . . . . . . . . . . . . . . . Kick . | . . . . . . . . . . . . . . . . . Crush 11 | . . . 4 . . . . 2 . . . . . 4 . 1 Escape Stasis 36 | . . . . . . . . 36 . . . . . . . . Rewire 124 | . . . . . 41 . . 74 . . . . . . 9 . Trap . | . . . . . . . . . . . . . . . . . Miscellaneous . | . . . . . . . . . . . . . . . . . Route ------- -11/Scrapyard -10/Materials -9/Materials (discovered 3 exits: *Mat x3) -8/Materials -7/Factory (discovered 7 exits: Fac x4 / *Low x2 / Gar) -7/Lower Caves -7/Lower Caves -6/Factory (discovered 2 exits: Fac / *Ext) -6/Extension (discovered 3 exits: *Fac x2 / *Cet) -6/Cetus (discovered 2 exits: *Fac / *Arc) -6/Archives (discovered 3 exits: *Fac / *Hub x2) -6/Hub_04(d) -5/Factory -5/Waste -5/Factory -5/Garrison -5/Factory History --------- Turn | Location | Event 7 | -11/Scrapyard | Discovered new exit (range 15) 125 | -11/Scrapyard | Entered Materials 256 | -10/Materials | Discovered new exit (range 14) 287 | -10/Materials | Entered another Materials area 287 | -9/Materials | Evolved 2 slots: Propulsion x2 309 | -9/Materials | Build established: Mutant 512 | -9/Materials | Destroyed 8 combat bots 590 | -9/Materials | Identified exit to Materials 677 | -9/Materials | Entered another Materials area 677 | -8/Materials | Evolved 2 slots: Utility x2 685 | -8/Materials | Garrison activated, responded to threat 881 | -8/Materials | Build established: Hacker-Mutant 909 | -8/Materials | Met 7R-MNS 984 | -8/Materials | Discovered new exit (range 14) 1045 | -8/Materials | Entered Factory 1045 | -7/Factory | Evolved 2 slots: Utility x2 1046 | -7/Factory | Caught up to 7R-MNS 1148 | -7/Factory | Fabricated Y-45 Defender (x2) 1151 | -7/Factory | Discovered new exit (range 9) 1194 | -7/Factory | Identified exit to Factory 1206 | -7/Factory | Identified exit to Garrison 1302 | -7/Factory | Fabricated Gravmag Array (x1) 1325 | -7/Factory | Discovered new exit (range 9) 1392 | -7/Factory | Entered Lower Caves 1392 | -7/Lower Caves | Accompanied by 2 allies 1429 | -7/Lower Caves | Learned location of 1 exit from Factory 1482 | -7/Lower Caves | Learned Factory garrison access intel 1688 | -7/Lower Caves | Entered an active Warlord outpost 1693 | -7/Lower Caves | Learned 8 Factory zone layouts 1693 | -7/Lower Caves | Learned 8 Research zone layouts 1878 | -7/Lower Caves | Attacked by a delusional Derelict stockpiling Unaware 2285 | -7/Lower Caves | Learned Factory non-interactive machine intel 2464 | -7/Lower Caves | Attracted the attention of an 0b10 checkpoint 2649 | -7/Lower Caves | Discovered new exit (range 10) 2656 | -7/Lower Caves | Entered another Lower Caves area 2907 | -7/Lower Caves | Discovered exit to Factory (range 5) 2912 | -7/Lower Caves | Entered Factory 2912 | -6/Factory | Evolved 2 slots: Power x1, Utility x1 2913 | -6/Factory | Identified exit to Factory 2915 | -6/Factory | Loaded intel: 269 non-interactive machine locations 2916 | -6/Factory | Loaded intel: 4 garrison access locations 3204 | -6/Factory | Discovered new exit (range 9) 3206 | -6/Factory | Entered Extension 3264 | -6/Extension | Spotted B-75 Beast 3316 | -6/Extension | Build established: Hacker-Sprinter 3624 | -6/Extension | Rescued A7 3819 | -6/Extension | Rescued a captive Derelict 4011 | -6/Extension | Allies destroyed B-75 Beast 4019 | -6/Extension | Spotted B-75 Beast 4036 | -6/Extension | Destroyed B-75 Beast 4145 | -6/Extension | Discovered exit to Factory (range 3) 4206 | -6/Extension | Disrupted transfer network 4263 | -6/Extension | Discovered new exit (range 15) 4264 | -6/Extension | Discovered exit to Factory (range 15) 4306 | -6/Extension | Disrupted transfer network 4606 | -6/Extension | Build established: Hacker-Mutant 5674 | -6/Extension | Identified exit to Cetus 5721 | -6/Extension | Entered Cetus 5721 | -6/Cetus | Accompanied by 11 allies (A7) 5726 | -6/Cetus | Acquired a Cetus Manufacturing Module code from A7 5742 | -6/Cetus | Spotted Cetus Guard 5742 | -6/Cetus | Spotted Cetus Guard 5745 | -6/Cetus | Spotted Cetus Guard 5746 | -6/Cetus | Allies destroyed Cetus Guard 5748 | -6/Cetus | Destroyed Cetus Guard 5748 | -6/Cetus | Spotted Cetus Guard 5759 | -6/Cetus | Extracted ID and sensor layout for unrecognized location from A7's data core 5763 | -6/Cetus | Allies destroyed Cetus Guard 5789 | -6/Cetus | Lost 4 allies 5954 | -6/Cetus | Started Cetus Manufacturing Module 5979 | -6/Cetus | Manufactured an Enhanced Grunt 6004 | -6/Cetus | Manufactured an Enhanced Grunt 6029 | -6/Cetus | Manufactured an Enhanced Grunt 6054 | -6/Cetus | Manufactured an Enhanced Grunt 6055 | -6/Cetus | Build established: Scavenger-Mutant 6079 | -6/Cetus | Manufactured an Enhanced Grunt 6145 | -6/Cetus | Discovered new exit (range 15) 6176 | -6/Cetus | Spotted Cetus Guard 6177 | -6/Cetus | Spotted Cetus Guard 6181 | -6/Cetus | Spotted Cetus Guard 6182 | -6/Cetus | Spotted Cetus Guard 6183 | -6/Cetus | Destroyed Cetus Guard 6184 | -6/Cetus | Allies destroyed Cetus Guard 6192 | -6/Cetus | Allies destroyed Cetus Guard 6196 | -6/Cetus | Allies destroyed Cetus Guard 6205 | -6/Cetus | Discovered exit to Factory (range 16) 6213 | -6/Cetus | Met Revision 17 6471 | -6/Cetus | Security sweep announced 6485 | -6/Cetus | Entered Archives 6485 | -6/Archives | Accompanied by 8 allies 6570 | -6/Archives | Unable to access archive contents 6586 | -6/Archives | Unable to access archive contents 6589 | -6/Archives | Discovered new exit (range 15) 6605 | -6/Archives | Unable to access archive contents 6608 | -6/Archives | Discovered exit to Factory (range 16) 6626 | -6/Archives | Unable to access archive contents 6644 | -6/Archives | Discovered new exit (range 16) 6868 | -6/Archives | System corruption reached 10% 7277 | -6/Archives | Entered Hub_04(d) 7277 | -6/Hub_04(d) | Accompanied by 3 allies 7616 | -6/Hub_04(d) | Discovered exit to Factory (range 7) 7623 | -6/Hub_04(d) | Core integrity fell below 50% 7770 | -6/Hub_04(d) | Entered Factory 7770 | -5/Factory | Evolved 2 slots: Weapon x2 7940 | -5/Factory | Sucked down chute 7940 | -5/Factory | Entered Waste 7956 | -5/Waste | Spotted C-40 Crusher 7971 | -5/Waste | Spotted C-40 Crusher 7972 | -5/Waste | Crushed by Compactor (0 parts destroyed, 1 dropped) 7975 | -5/Waste | Crushed by Compactor (1 part destroyed, 1 dropped) 7978 | -5/Waste | Crushed by Compactor (1 part destroyed, 2 dropped) 7979 | -5/Waste | Spotted C-40 Crusher 7981 | -5/Waste | Crushed by Compactor (1 part destroyed) 8010 | -5/Waste | Spotted C-40 Crusher 8012 | -5/Waste | Lost 4 parts (1n2u1w) 8028 | -5/Waste | Spotted C-40 Crusher 8028 | -5/Waste | Spotted C-40 Crusher 8036 | -5/Waste | Discovered new exit (range 11) 8045 | -5/Waste | Entered Factory 8349 | -5/Factory | Build established: Scavenger-Tank 8777 | -5/Factory | Identified exit to Garrison 8777 | -5/Factory | Entered Garrison 8851 | -5/Garrison | Garrison Relay disabled 8855 | -5/Garrison | Triggered checkpoint 8943 | -5/Garrison | Triggered checkpoint 8949 | -5/Garrison | Triggered checkpoint 8975 | -5/Garrison | Triggered checkpoint 9041 | -5/Garrison | Lost 5 parts (1p1n1u2w) 9054 | -5/Garrison | Destroyed 7 combat bots 9088 | -5/Garrison | Triggered checkpoint 9106 | -5/Garrison | System corruption reached 10% 9157 | -5/Garrison | Phase Generator disabled 9245 | -5/Garrison | Discovered new exit (range 5) 9443 | -5/Garrison | Rewired Striker 9447 | -5/Garrison | Rewired Striker 9498 | -5/Garrison | System corruption reached 30% 9548 | -5/Garrison | Garrison Relay disabled 9573 | -5/Garrison | Triggered checkpoint 9618 | -5/Garrison | Entered Factory 9618 | -5/Factory | Accompanied by 2 allies 10372 | -5/Factory | Destroyed Striker 10372 | -5/Factory | Garrison activated, responded to threat 10428 | -5/Factory | Destroyed 7 combat bots 10673 | -5/Factory | Core integrity fell below 50% 10740 | -5/Factory | Lost 15 parts (2p4n5u4w) 10818 | -5/Factory | First assault squad dispatched 10854 | -5/Factory | Lost 3 parts (1p2n) 10983 | -5/Factory | Core integrity fell below 20% 11031 | -5/Factory | Destroyed by G-67 Veteran with Plasma Rifle Last Messages --------------- System corrupted: KE Penetrator jammed. K-01 Serf collects debris. R-10 Processor collects Power Maul. Slug penetrates M-28 Smith. R-10 Processor collects Imp. Melee Analysis Suite. Slug penetrates G-67 Veteran. K-01 Serf collects debris. KE Penetrator destroyed. K-01 Serf collects debris. System corrupted: Energy discharge (-200). M-28 Smith repairs G-50 Soldier. R-10 Processor collects Carbon-fiber Leg. Acquired 67 matter. K-01 Serf collects debris. R-10 Processor collects Microactuators. U-05 Engineer builds a Wall. M-28 Smith repairs M-28 Smith Lgt. Deuterium Engine. K-01 Serf collects debris. Cesium-ion Thruster destroyed. K-01 Serf collects debris. Map ----- +----------------------------------------------------+ | ????????????????????????????# "" + #??????? | | ????????????????????????????# """ """ # #??????? | | ????????????????????????????# """ R" # #??????? | | ????????????????????????????# """ """ # ######## | | ????????????????????????????# # | | ????????????????????????????# # ####+#"# | | ????????????????????????????# ] ! # ## ! | | ????????????????????????????########### ## ! | | ??????????????????????????????????????# ## ! | | ??????????????????????????????????????# ## | | ??????????????????????????????????????+ ## | | ??????????????????????????????????????# ## | | ??????????????????????????????????????+ ## | | ??????????????????????????????????????###### | | ???????????????????????????????????????????# | | ???????????????????????????????????????????#####/# | | ????????????????????????????????????????????# | | ????????????????????????????????????????????# | | ??????????????????????????#####????????????## | | ??????????????????? ?? #????????####"# | | ????????????????? #"""" #???????? #= | | ????????????????# #"""" #???????"" *#% | | ????????????????# #"""" ##??????"" # | | ????????????????# #"""" !##?????""" # | | ????????????????# #"""g #?????? !+%[ | | ????????????????# #" @m u#??????? " [#% | | ????????????????# # !k mk #????????" " # | | ????????????????# #" "gg #?????????"%= # = | | ????????????????# #"""" #??????????%%!# | | ????????????????# #"""" ############+##! !! | | ????????????????# #"""" # % !!=%=# | | ????????????????# #""""m # """" ""%/! #% %! | | ????????????????# #""" % *# """" """|% +!* ! | | ????????????????+ /"%"/ / #? """" """[! #!!%% | | ????????????????# # " !/ # """" "" ==%#=*== | | ????????????????# # # %|!!=#%** | | ????????????????# ###########+#######+### | | ????????????????# %! % | | ????????????????# % ^ | | ????????????????# % | | ????????????????# ^ | | ????????????????# ^^ | | ????????????########+########## ####+###+#### | | ????????????# ## # #??? | | ????????????# ## + """ #??? | | ????????????# ## # """ #??? | | ????????????# ## # """ #??? | | ????????????# ## + #??? | | ????????????# """" """" """" ######### #??? | | ????????????# """" """" """" #???????# "" "" #??? | +----------------------------------------------------+ Best States ------------- Heat Dissipation 135 Energy Generation 45 Energy Capacity 1460 Matter Stores 300 Matter Capacity 300 Sight Range 16 Robot Scan Range 16 Terrain Scan Range 16 Terrain Scan Density 85 ECM Strength 2 Jamming Range 12 Additional Mass Support 6 Base Temperature (-) 150 Armor Coverage 825 Phase Shifting 5 Evasion (%) 64 Targeting Accuracy 6 Recoil Reduction 4 Salvage Targeting 4 Offensive Hacking 51 Defensive Hacking 12 Item Schematics ----------------- None Robot Schematics ------------------ L-41 Fighter | -7/Factory | Hacked R-06 Scavenger | -6/Extension | Hacked Fabricated ------------ Y-45 Defender | x2 | -7/Factory | Preloaded Gravmag Array | x1 | -7/Factory | Preloaded Repaired ---------- Nothing Alien Tech Used ----------------- None Achievements -------------- A New Friend Overkill Prison Break Project G-00 Revising The Future Challenges ------------ None Game ------ Seed TiamatSapperCharge Manual? 0 Play Time 03:32:11 Cumulative 33.7 hours Start 2025.09.03 @ 22:06:33 End 2025.09.04 @ 02:11:18 Sessions 1 Manual Loads 0 Difficulty Rogue Special Mode None Game No. 24 Rogue 24 Adventurer 0 Explorer 0 Win Type - Total 0 Types 0/0/0/0/0/0/0/0/0/0 Lore% 17 Gallery% 31 Achievement% 29 Wizard Run 0 Options --------- Layout 0 ASCII 0 Keyboard 0 Movement Arrows Keybinds 0 Fullscreen 1 Font 12/Smallcaps Map View 38x28 Zoom Use 97% Tactical HUD 0 Map Filters NONE Filters NONE Steam SD RUN: 2c3b022e-046c-4153-8e2b-af918a11c7f5